 Dungeon Crawl Stone Soup version 0.25-a0-937-gcfae464cf3 (webtiles) character file.

Game seed: 162332265928404437, levelgen mode: deterministic

36 Flugkiller the Sneak (level 3, -13/16 HPs)
             Began as a Felid Enchanter on May 5, 2020.
             Killed by divine providence
             ... invoked by an orc priest
              (16 damage)
             ... on level 3 of the Dungeon.
             The game lasted 00:09:56 (3983 turns).

Flugkiller the Sneak (Felid Enchanter)              Turns: 3983, Time: 00:09:57

Health: -13/16     AC:  1    Str:  4    XL:     3   Next: 19%
Magic:  2/16       EV: 18    Int: 16    God:
Gold:   138        SH:  0    Dex: 17    Spells: 3/6 levels left
                                        Lives:  0   Deaths: 1

rFire    . . .     SeeInvis +     - Unarmed
rCold    . . .     Gourm    .   (shield unavailable)
rNeg     . . .     Faith    .   (armour unavailable)
rPois    .         Spirit   .   (helmet unavailable)
rElec    .         Reflect  .   (cloak unavailable)
rCorr    .         Harm     .   (gloves unavailable)
MR       .....                  (boots unavailable)
Stlth    +++.......             (no amulet)
HPRegen  0.05/turn              l - ring of magical power
MPRegen  0.15/turn              (no ring)

@: very slightly contaminated, hasted, very quick
A: very small, no armour, no weapons or thrown items, stealth, claws 1, fangs 3,
see invisible, carnivore, speed 1, shaggy fur 1, slow metabolism 1, sharp paws
a: no special abilities


You were on level 3 of the Dungeon.
You were not hungry.

You visited 1 branch of the dungeon, and saw 3 of its levels.

You collected 138 gold pieces.

Inventory:

Jewellery
 l - a ring of magical power (left paw)
   (You found it on level 2 of the Dungeon)
Scrolls
 a - a scroll of teleportation {unknown}
 e - a scroll of fog
 f - a scroll of remove curse
 g - a scroll of blinking {unknown}
 i - a scroll of amnesia {unknown}
 k - a scroll of enchant weapon {unknown}
Potions
 c - a potion of haste
 h - a potion of brilliance {unknown}
Comestibles
 b - 10 rations


   Skills:
 + Level 2.2 Fighting
 - Level 3.0 Dodging
 - Level 5.0 Stealth
 + Level 2.2 Unarmed Combat
 - Level 2.0 Spellcasting
 - Level 4.4 Hexes


You had 3 spell levels left.
You knew the following spells:

 Your Spells              Type           Power        Failure   Level  Hunger
a - Corona                Hex            ###....      3%          1    #......
b - Ensorcelled Hibernat  Hex/Ice        #.....       13%         2    ###....

Your spell library contained the following spells:

 Spells                   Type           Power        Failure   Level  Hunger
 Confusing Touch          Hex            ###.....     11%         3    ###....
 Tukima's Dance           Hex            ###.....     11%         3    ###....
 Dazzling Flash           Conj/Hex       #.....       26%         3    ###....


Dungeon Overview and Level Annotations

Branches:
Dungeon (3/15)

Altars:
Yredelemnul

Annotations:
D:2 exclusion: 2 adders
D:3 exclusion: adder


Innate Abilities, Weirdness & Mutations

You cannot wear armour.
You are incapable of wielding weapons or throwing items.
Your paws allow you to move quietly. (Stealth)
You have sharp claws.
You have razor-sharp teeth.
You have supernaturally acute eyesight. (SInv)
You are carnivorous and can eat meat at any time.
You cover ground quickly.
You are covered in fur. (AC +1)
You have a slow metabolism.
Your sharp claws are effective at attacking unaware monsters.


Message History

Confirm with . or Enter, or press ? or * to list all spells.
Aiming: Ensorcelled Hibernation (safe; 13% risk of failure)
Press: ? - help, Shift-Dir - straight line, f - orc priest
Aim: an orc priest, wielding a +0 dagger of electrocution (chance to defeat MR: 39%)
You miscast Ensorcelled Hibernation.
Nothing appears to happen.
The orc priest hits you with a +0 dagger of electrocution.
Casting: Ensorcelled Hibernation (safe; 13% risk of failure)
Confirm with . or Enter, or press ? or * to list all spells.
Aiming: Ensorcelled Hibernation (safe; 13% risk of failure)
Press: ? - help, Shift-Dir - straight line, f/p - orc priest
Aim: an orc priest, wielding a +0 dagger of electrocution (chance to defeat MR: 39%)
The orc priest resists with some effort.
The orc priest barely misses you.
Casting: Ensorcelled Hibernation (safe; 13% risk of failure)
Confirm with . or Enter, or press ? or * to list all spells.
Aiming: Ensorcelled Hibernation (safe; 13% risk of failure)
Press: ? - help, Shift-Dir - straight line, f/p - orc priest
Aim: an orc priest, wielding a +0 dagger of electrocution (chance to defeat MR: 39%)
You miscast Ensorcelled Hibernation.
Nothing appears to happen.
The orc priest completely misses you.
Casting: Ensorcelled Hibernation (safe; 13% risk of failure)
Confirm with . or Enter, or press ? or * to list all spells.
Aiming: Ensorcelled Hibernation (safe; 13% risk of failure)
Press: ? - help, Shift-Dir - straight line, f/p - orc priest
Aim: an orc priest, wielding a +0 dagger of electrocution (chance to defeat MR: 39%)
The orc priest resists with some effort.
The orc priest invokes the aid of Beogh against you.
Pain shoots through your body!
* * * LOW HITPOINT WARNING * * *
Casting: Ensorcelled Hibernation (safe; 13% risk of failure)
Confirm with . or Enter, or press ? or * to list all spells.
Aiming: Ensorcelled Hibernation (safe; 13% risk of failure)
Press: ? - help, Shift-Dir - straight line, f/p - orc priest
Aim: an orc priest, wielding a +0 dagger of electrocution (chance to defeat MR: 39%)
You miscast Ensorcelled Hibernation.
Nothing appears to happen.
The orc priest misses you.
Unknown command.
You feel better.
The orc priest calls down the wrath of Beogh upon you.
Beogh smites you!
Ouch! That really hurt!
* * * LOW HITPOINT WARNING * * *
Unknown command.
You feel yourself speed up. The orc priest misses you.
Unknown command.
You scratch the orc priest but do no damage.
The orc priest mumbles some strange prayers to Beogh against you.
Beogh smites you!
Ouch! That really hurt!
You die...

.. .. .# .# .. ##..#
###.####.# .. #...#
###........ #.##.#.#
##.#.#.#..# #.#....#
#......#..#.# #......#
####.#.#......# #...#
#.o)........# #...#####
#.##o##.#######
###...#...####.#@.##.#.....#
.....o......##.#.###.#.....#
.............#o#.##........#
.....................#.....#
###...#......###..####.....#
#...#####.## #......######
#...# ### #..###.#######
#...# #..###........ ##.##
#..#......(...


You could see an orc priest.

Vanquished Creatures
  An iguana (D:2)
  A dart slug (D:1)
  A leopard gecko (D:2)
  3 orcs (D:3)
  4 goblins
  9 hobgoblins
  4 jackals (D:2)
  2 quokkas (D:2)
  4 bats
  A gnoll zombie (D:3)
  4 kobolds
  7 rats
41 creatures vanquished.

Notes
Turn   | Place    | Note
-------+----------+-------------------------------------------
     0 | D:1      | Flugkiller the Felid Enchanter began the quest for the Orb.
     0 | D:1      | Reached XP level 1. HP: 7/7 MP: 4/4
  1006 | D:1      | Reached skill level 1 in Fighting
  1355 | D:1      | Reached XP level 2. HP: 12/12 MP: 4/6
  1365 | D:1      | Learned a level 2 spell: Ensorcelled Hibernation
  2586 | D:2      | Reached XP level 3. HP: 13/16 MP: 0/7
  2920 | D:2      | Reached skill level 5 in Stealth
  3526 | D:2      | Reached XP level 4. HP: 16/19 MP: 8/8
  3796 | D:3      | Slain by an orc wizard
  3797 | D:3      | Reached XP level 3. HP: -2/16 MP: 15/16
  3800 | D:3      | Found a basalt altar of Yredelemnul.
  3983 | D:3      | Killed from afar by an orc priest

Levels and vault maps discovered:
D:1:      dpeg_arrival_leaves_temple_mockup, layout_rooms, amethyst_killhole
D:2:      layout_loops_ring, makhleb_altar_promises_db, fedhas_altar_2
D:3:      layout_loops_cross, lemuel_zombie_altar_yredelemnul,
          nemelex_xobeh_ov_fountains_minmay, chequers_ecumenical_altar_grove,
          first_ration, hangedman_decor_growths, minmay_cut_off

Skill      XL: |  1  2  3 |
---------------+----------+-----
Fighting       | 1 2 |  2.2
Unarmed Combat | 2 |  2.2
Stealth        | 5 |  5.0
Dodging        | 3 |  3.0
Spellcasting   | |  2.0
Hexes          | |  4.4

Action                   |  1- 3 |  4- 6 || total
-------------------------+-------+-------++-------
Melee: Unarmed           |   109 |     3 ||   112
       Bite              |     2 |       ||     2
 Cast: Corona            |     9 |       ||     9
       Ensorcelled Hiber |    38 |     5 ||    43
  Use: Scroll            |     3 |     2 ||     5
       Potion            |     2 |       ||     2
 Stab: Sleeping          |    29 |     3 ||    32
  Eat: Chunk             |    15 |     1 ||    16
Armor: Skin              |     5 |       ||     5
Dodge: Dodged            |   104 |       ||   104

Table legend:
 A = Non-vault XP
 B = Vault XP
 C = Vault XP percentage of total XP
 D = Non-vault monster count
 E = Vault monster count
 F = Vault count percentage of total count
                 A         B        C        D         E       F
            +---------+---------+-------+---------+---------+-------
      Total |     109 |       1 |   0.9 |      40 |       1 |   2.4
            +---------+---------+-------+---------+---------+-------
        D:1 |      17 |       0 |   0.0 |      10 |       0 |   0.0
        D:2 |      80 |       0 |   0.0 |      24 |       0 |   0.0
        D:3 |      12 |       1 |   7.7 |       6 |       1 |  14.3
            +---------+---------+-------+---------+---------+-------
